 Dungeon Crawl Stone Soup version 0.30-a0-760-g5a9884bb7c (webtiles) character file.

Game seed: 8518975269611181632

2683 themarg the Severer (level 9, -1/74 HPs)
             Began as a Hill Orc Fighter on Feb 10, 2023.
             Was a High Priest of Cheibriados.
             Slain by a gargoyle
             ... wielding a +0 mace
              (10 damage)
             ... on level 7 of the Dungeon.
             The game lasted 00:14:29 (6707 turns).

themarg the Severer (Hill Orc Fighter)              Turns: 6707, Time: 00:14:30

Health: -1/74      AC: 12    Str: 36    XL:     9   Next: 64%
Magic:  6/9        EV:  7    Int: 21    God:    Cheibriados [*****.]
Gold:   442        SH:  6    Dex: 23    Spells: 8/8 levels left

rFire   . . .      SeeInvis .    a - +0 war axe
rCold   . . .      Faith    .    c - +0 buckler
rNeg    . . .      Spirit   .    g - +0 plate armour
rPois   .          Reflect  .    (no helmet)
rElec   .          Harm     .    (no cloak)
rCorr   .          Rampage  .    (no gloves)
Will    .....                    H - +0 pair of boots Stlth
                                 (no amulet)
HPRegen 0.32/turn                (no ring)
MPRegen 0.11/turn                (no ring)

@: very slow
A: no striking features
a: Renounce Religion, Bend Time, Temporal Distortion, Slouch, Step From Time


You were on level 7 of the Dungeon.
You worshipped Cheibriados.
Cheibriados was extremely pleased with you.
You visited 1 branch of the dungeon, and saw 7 of its levels.
You also visited: Sewer.

You collected 442 gold pieces.

Inventory:

Hand Weapons
 a - a +0 war axe (weapon)
Missiles
 e - 78 stones (quivered)
 k - 44 poisoned darts
 D - a throwing net
Armour
 c - a +0 buckler (worn)
 g - a +0 plate armour (worn)
 r - a +0 pair of gloves
 H - a +0 pair of boots (worn)
Jewellery
 v - a ring of ice
Scrolls
 f - 2 scrolls of amnesia {unknown}
 h - 2 scrolls of magic mapping
 m - a scroll of teleportation {unknown}
 n - 2 scrolls of poison {unknown}
 s - 3 scrolls of enchant weapon {unknown}
 t - a scroll of blinking {unknown}
 y - 3 scrolls of fear {unknown}
 z - 2 scrolls of immolation {unknown}
 B - a scroll of fog {unknown}
 C - 2 scrolls of summoning {unknown}
 G - a scroll of enchant armour {unknown}
Potions
 b - a potion of magic {unknown}
 d - 4 potions of might
 i - 6 potions of curing
 j - 3 potions of resistance
 l - a potion of invisibility {unknown}
 o - 2 potions of mutation
 p - a potion of haste {unknown}
 q - 2 potions of brilliance {unknown}
 u - 2 potions of heal wounds
 w - 3 potions of flight
 A - 2 potions of lignification {unknown}
 E - a potion of degeneration {unknown}
 F - 2 potions of berserk rage {unknown}


   Skills:
 - Level 5.0 Fighting
 * Level 15.5 Axes
 - Level 3.2 Armour
 - Level 5.0 Shields


You had 8 spell levels left.
You didn't know any spells.
Your spell library contained the following spells:

 Spells                   Type           Power      Damage    Failure   Level
 Blink                    Tloc           0%         N/A       95%         2
 Lesser Beckoning         Tloc           0%         N/A       95%         2
 Momentum Strike          Conj/Tloc      0%         3d8       95%         2
 Sublimation of Blood     Necr           0%         N/A       95%         2
 Inner Flame              Hex/Fire       0%         N/A       99%         3
 Stone Arrow              Conj/Erth      0%         3d7       99%         3
 Animate Armour           Summ/Erth      0%         N/A       100%        4
 Cause Fear               Hex            0%         N/A       100%        4
 Petrify                  Tmut/Erth      0%         N/A       100%        4
 Irradiate                Conj/Tmut      0%         3d11      100%        5
 Discord                  Hex            0%         N/A       100%        8
 Lehudib's Crystal Spear  Conj/Erth      0%         10d2      100%        8


Dungeon Overview and Level Annotations

Branches:
Dungeon (7/15)             Temple (0/1) D:5           Sewer (visited)

Altars:
Cheibriados
Dithmenos
Elyvilon
Hepliaklqana
Kikubaaqudgha
Nemelex Xobeh
Yredelemnul

Shops:
D:7 ([

Annotations:
D:4 1 transporter, Palms's ghost, amateur FoHs


Message History

You slash the gargoyle!
The gargoyle is moderately damaged.
You barely miss the gargoyle. You hit the gargoyle.
The gargoyle is heavily damaged.
You hit the gargoyle but do no damage.
The gargoyle hurls a stone arrow at you.
The stone arrow hits you! The gargoyle barely misses you.
The gargoyle hurls a stone arrow at you.
The stone arrow hits you.
The gargoyle hurls a stone arrow at you.
The stone arrow misses you.
The gargoyle hurls a stone arrow at you.
The stone arrow hits you!
* * * LOW HITPOINT WARNING * * *
The gargoyle hurls a stone arrow at you.
The stone arrow hits you!
* * * LOW HITPOINT WARNING * * *
The flow of time bends around you.
Okay, then.
You feel much better.
A white ugly thing comes into view.
The gargoyle hits you with a +0 mace!
* * * LOW HITPOINT WARNING * * *
The white ugly thing moves out of view.
You hit the gargoyle but do no damage.
The gargoyle is heavily damaged.
The gargoyle closely misses you.
You hit the gargoyle.
The gargoyle is heavily damaged.
A green ugly thing comes into view.
The gargoyle hurls a stone arrow at you.
The stone arrow hits you!
* * * LOW HITPOINT WARNING * * *
Activating: Slouch (61% risk of failure)
Press: ? - help, Dir - look around, f - activate You fail to use your ability.
The green ugly thing gurgles horribly!
You hear a shout!
The gargoyle hits you with a +0 mace!
You die...

#.# #..#..#..#
#.###.##.....##
...#..#..#.#..#
.....##.......##
.....#..#.#.#..#
....##.........##
...##.#########.##
...#. #..# ..##
########@# ..#
.....9u9#.# .##
.##u|#C##.# .# #)
## .. ## .## # .#
# .. ..


You could see 2 ugly things, a cyclops and 2 gargoyles.

Vanquished Creatures
  Joseph (D:7)
  An ice beast (D:6)
  A black bear (D:5)
  3 ogres
  A centaur (D:7)
  A phantom (D:6)
  A bullfrog (D:7)
  4 kobold brigands (Sewer)
  3 necrophages
  5 scorpions
  A jelly (D:6)
  A gnoll bouda (D:5)
  4 hounds
  2 orc priests
  5 iguanas
  11 orc wizards
  10 gnolls
  6 adders
  3 river rats
  A white imp (D:5)
  6 worms
  3 dart slugs
  20 orcs
  18 endoplasms
  2 giant cockroaches
  2 goblins
  2 hobgoblins
  2 jackals (D:3)
  13 kobolds
  A quokka (D:1)
  9 ball pythons
  3 bats
  2 frilled lizards
  14 rats
162 creatures vanquished.

Vanquished Creatures (others)
  A human (D:3)
1 creature vanquished.

Grand Total: 163 creatures vanquished

Notes
Turn   | Place    | Note
-------+----------+-------------------------------------------
     0 | D:1      | themarg the Hill Orc Fighter began the quest for the Orb.
     0 | D:1      | Reached XP level 1. HP: 19/19 MP: 1/1
    28 | D:1      | Reached skill level 3 in Axes
    90 | D:1      | Reached XP level 2. HP: 27/27 MP: 2/2
   316 | D:1      | Found a faded altar of an unknown god.
   319 | D:1      | Prayed at the altar of an unknown god.
   319 | D:1      | Became a worshipper of Cheibriados the Contemplative
   319 | D:1      | Reached * piety under Cheibriados
   456 | D:1      | Reached XP level 3. HP: 26/33 MP: 3/3
   984 | D:2      | Reached skill level 4 in Axes
  1946 | D:3      | Reached ** piety under Cheibriados
  2054 | D:3      | Reached XP level 4. HP: 40/40 MP: 4/4
  2122 | D:3      | Reached skill level 5 in Axes
  2378 | D:3      | Reached XP level 5. HP: 47/47 MP: 5/5
  2494 | D:3      | Found an ancient bone altar of Kikubaaqudgha.
  2495 | D:3      | Noticed a human
  2497 | D:3      | Killed a human
  2591 | D:3      | Found a hazy altar of Hepliaklqana.
  2592 | D:3      | You fall into a shaft and drop 1 floor!
  2646 | D:3      | Found a snail-covered altar of Cheibriados.
  2655 | D:3      | Found a white marble altar of Elyvilon.
  2734 | D:3      | Found a shadowy altar of Dithmenos.
  2734 | D:3      | Noticed a shadow
  2924 | D:4      | Found a transporter.
  2927 | D:4      | Noticed an ogre
  2927 | D:4      | Noticed Palms's ghost (amateur FoHs)
  2928 | D:4      | Identified the +4 giant club of Certain Death {drain, rElec
                  | Will- MP+9 Int+4}
  2928 | D:4      | Noticed an ogre
  2984 | D:4      | Identified the +10 spear "Navoc" {vamp, +Blink rC- rN+++
                  | Int-3}
  3235 | D:4      | Reached *** piety under Cheibriados
  3277 | D:4      | Reached skill level 5 in Fighting
  3277 | D:4      | Reached skill level 6 in Axes
  3277 | D:4      | Reached XP level 6. HP: 55/56 MP: 6/6
  3610 | D:5      | Entered Level 5 of the Dungeon
  3669 | D:5      | Reached skill level 7 in Axes
  3669 | D:5      | Reached skill level 5 in Shields
  3670 | D:5      | Found a glowing drain.
  3688 | Sewer    | Entered a sewer
  3816 | Sewer    | Reached XP level 7. HP: 57/61 MP: 7/7
  3950 | Sewer    | Reached skill level 8 in Axes
  4136 | Sewer    | Reached skill level 9 in Axes
  4273 | Sewer    | Reached **** piety under Cheibriados
  4698 | D:5      | Reached skill level 10 in Axes
  4698 | D:5      | Reached XP level 8. HP: 68/68 MP: 8/8
  4838 | D:5      | Found a staircase to the Ecumenical Temple.
  5065 | D:5      | Reached skill level 11 in Axes
  5233 | D:5      | Reached ***** piety under Cheibriados
  5234 | D:5      | Reached skill level 12 in Axes
  5635 | D:6      | Found a sparkling altar of Nemelex Xobeh.
  5669 | D:6      | Reached skill level 13 in Axes
  5687 | D:6      | Reached XP level 9. HP: 70/74 MP: 9/9
  5849 | D:6      | Reached skill level 14 in Axes
  6056 | D:6      | Found a basalt altar of Yredelemnul.
  6478 | D:7      | Found Wodois's Antique Weapon Emporium.
  6521 | D:7      | Found Pyett's Armour Boutique.
  6587 | D:7      | Noticed Joseph
  6601 | D:7      | Killed Joseph
  6602 | D:7      | Reached skill level 15 in Axes
  6698 | D:7      | Noticed a gargoyle
  6698 | D:7      | Noticed a gargoyle
  6698 | D:7      | Noticed a cyclops
  6699 | D:7      | Noticed a green ugly thing
  6702 | D:7      | HP: 2/74 [gargoyle/stone arrow (17)]
  6704 | D:7      | Noticed a white ugly thing
  6706 | D:7      | Noticed a green ugly thing
  6707 | D:7      | Slain by a gargoyle

Illustrated notes

Levels and vault maps discovered:
D:1:      dreamdust_arrival_sigmund_warning, layout_loops_corners,
          hellmonk_ecumenical_altar_inner_sanctum, st_stairs_12,
          chequers_serial_rivers_micro_b, wad_floor_pattern_1
D:2:      layout_basic, chequers_serial_rivers_micro_a
D:3:      cheibrodos_pilgrimage, layout_basic,
          riverfiend_overflow_shadow_ancestor, tgw_kikubaaqudgha,
          mainiacjoe_overflow_swirl
D:4:      layout_rooms, gammafunk_ghost_smash, kennysheep_cross_room,
          nicolae_concentric_dashed_squares_mild
D:5:      minmay_inner_zag, layout_basic, minmay_temple_entry_mini_moons,
          portal_sewer_entry_b
D:6:      minmay_flawed_box, layout_loops_cross, nemelex_spade_bored_becter,
          mainiacjoe_overflow_alcove_4
D:7:      minmay_the_grid_triangle_9x9_recursive_2
          [minmay_the_grid_triangle_9x9_prize_schism,
          minmay_the_grid_triangle_9x9_swiss_cheese,
          minmay_the_grid_triangle_9x9_limited_checkers,
          minmay_the_grid_triangle_9x9_negative_grid], layout_loops_cross,
          marbit_many_paths, serial_shops,
          nicolae_shop_competitors_out_of_business, shop, kennysheep_little_box,
          shop_coins, uniq_joseph

Skill      XL: |  1  2  3  4  5  6  7  8  9 |
---------------+----------------------------+-----
Axes           | 3 4 5 6 7 10 13 15 | 15.5
Fighting       | 4 5 |  5.0
Shields        | 4 5 |  5.0
Armour         | |  3.2

Action                     |  1- 3 |  4- 6 |  7- 9 || total
---------------------------+-------+-------+-------++-------
  Melee: War axe           |    95 |   113 |   245 ||   453
 Invoke: Bend Time         |       |       |     1 ||     1
    Use: Scroll            |       |     2 |     5 ||     7
         Potion            |       |       |     1 ||     1
 Armour: Scale mail        |    31 |    10 |       ||    41
         Chain mail        |       |    38 |    82 ||   120
         Plate armour      |       |       |    13 ||    13
  Dodge: Dodged            |    32 |    38 |    80 ||   150
  Block: Buckler           |    18 |    24 |    52 ||    94

Table legend: (Time is in decaauts)
 A = Elapsed time spent in this place.
 B = Non-inter-level travel time spent in this place.
 C = Inter-level travel time spent in this place.
 D = Time resting spent in this place.
 E = Time spent auto-exploring this place.
 F = Levels seen in this place.
 G = Mean time per level.
                   A        B        C        D        E       F      G
               +--------+--------+--------+--------+--------+-----+--------+
         Total |   9534 |   9154 |    380 |    126 |   7508 |   8 | 1191.8 |
       Dungeon |   8216 |   7836 |    380 |     31 |   6612 |   7 | 1173.7 |
         Sewer |   1318 |   1318 |      0 |     95 |    896 |   1 | 1318.0 |
               +--------+--------+--------+--------+--------+-----+--------+

Top non-repeatable levels by time:
     D:5: 1532 daAuts
     D:6: 1442 daAuts
     D:3: 1353 daAuts
     D:2: 1324 daAuts
   Sewer: 1318 daAuts
     D:1: 1218 daAuts
     D:4: 986 daAuts
     D:7: 358 daAuts
